AoeStats
← 17_Neo_

Arena

508777147Analyzed
3v3 RM · 9d ago on Sep 24, 2026· 28m 46s· 6 players
Game mode
Random Map
Map size
Normal (6 player)
Population
200
Speed
Normal
Resources
Standard
Victory
Conquest
Starting age
Dark Age
Ending age
Imperial Age
RankedLock teamsTeams togetherTeam positionsShared explorationLock speedFull tech treeHidden civsTurbo modeCheats
Victory
Defeat
🇦🇷 Burgundians · Argentina
1499
+10
🇦🇷 Ethiopians · Argentina
1434
+12
🇦🇷 Wu · Argentina
1433
+13
🇨🇴 Poles · Colombia
1377
-12
🇨🇴 Bohemians · Colombia
1366
-12
🇨🇴 Khmer · Colombia
1347
-11
Ds3.TheRazor
10:03 Feudal Age
14:05 Castle Age
13:29 Double-Bit Axe
15:20 Loom
16:13 Fletching
18:15 Bodkin Arrow
23:49 Padded Archer Armor
25:11 Wheelbarrow
24:52 Horse Collar
25:03 Gold Mining
31:37 Imperial Age
Ds3.SoLid
3:50 Double-Bit Axe
7:37 Horse Collar
12:36 Feudal Age
16:16 Castle Age
14:52 Bow Saw
15:32 Gold Mining
16:28 Scale Barding Armor
16:20 Cavalier
17:33 Husbandry
18:27 Forging
19:06 Wheelbarrow
20:20 Chain Barding Armor
22:49 Hand Cart
23:51 Loom
24:52 Heavy Plow
Dylan L
9:50 Feudal Age
10:18 Loom
14:06 Castle Age
12:34 Stone Mining
15:37 Horse Collar
15:44 Double-Bit Axe
16:47 Scale Mail Armor
19:33 Chain Mail Armor
21:47 Forging
22:03 Arson
24:13 Squires
28:04 Heavy Plow
Logan
11:25 Feudal Age
13:19 Wheelbarrow
15:58 Castle Age
14:20 Double-Bit Axe
15:02 Horse Collar
16:22 Loom
RAGNAROK
12:57 Feudal Age
14:23 Wheelbarrow
16:41 Castle Age
14:52 Double-Bit Axe
15:20 Horse Collar
20:22 Loom
17_Neo_
11:33 Feudal Age
12:50 Horse Collar
12:56 Double-Bit Axe
15:44 Castle Age
14:21 Gold Mining
15:08 Bloodlines
15:41 Scale Barding Armor
19:47 Chain Barding Armor
20:08 Husbandry
22:36 Forging
Connection lost

Rejoining the realm…

Still unreachable

The connection could not be restored.

Session expired

The server has moved on; the page needs a fresh start.